 Dungeon Crawl Stone Soup version 0.21.1-1-g345015f (webtiles) character file.

63 letownia2 the Poker (level 4, -1/33 HPs)
             Began as a Merfolk Skald on Mar 13, 2018.
             Slain by a gnoll
             ... wielding a +0 whip
              (2 damage)
             ... on level 2 of the Dungeon.
             The game lasted 00:04:05 (615 turns).

letownia2 the Poker (Merfolk Skald)                  Turns: 615, Time: 00:04:06

Health: -1/33      AC:  3    Str: 11    XL:     4   Next: 10%
Magic:  1/7        EV: 12    Int: 13    God:
Gold:   76         SH:  0    Dex: 13    Spells: 1/7 levels left

rFire    . . .     SeeInvis .   a - +3 whip (venom)
rCold    . . .     Gourm    .   (no shield)
rNeg     . . .     Faith    .   b - +0 leather armour
rPois    .         Spirit   .   f - -1 helmet (curse)
rElec    .         Reflect  .   (no cloak)
rCorr    +         Harm     .   (no gloves)
MR       .....                  (no boots)
Stlth    +.........             (no amulet)
HPRegen  0.11/turn              i - ring of resist corrosion
MPRegen  0.10/turn              (no ring)

@: very slightly contaminated
A: change form in water, swift swim, stealthy swim
a: no special abilities


You were on level 2 of the Dungeon.
You were not hungry.

You visited 1 branch of the dungeon, and saw 3 of its levels.

You collected 76 gold pieces.

Inventory:

Hand Weapons
 a - a +3 whip of venom (weapon)
 m - a +0 hunting sling of flaming
 o - a +0 spear
Armour
 b - a +0 leather armour (worn)
 f - a cursed -1 helmet (worn)
 n - a +0 ring mail
Jewellery
 i - a ring of resist corrosion (left hand)
Wands
 j - a wand of acid (1)
Scrolls
 e - 2 scrolls of remove curse {unknown}
 g - a scroll of amnesia {unknown}
 h - 2 scrolls of identify {unknown}
Potions
 k - a potion of brilliance
Books
 c - a book of Battle

   Spells                             Type                      Level
   a - Infusion                       Charms                       1
   b - Shroud of Golubria             Charms/Translocation         2
   c - Song of Slaying                Charms                       2
   d - Spectral Weapon                Hexes/Charms                 3
   e - Regeneration                   Charms/Necromancy            3
Comestibles
 d - 3 rations


   Skills:
 - Level 2.1 Fighting
 - Level 4.1 Polearms
 - Level 0.6 Armour
 - Level 2.6 Dodging
 - Level 2.0 Spellcasting
 * Level 1.4 Hexes
 + Level 3.9 Charms
 - Level 1.1 Translocations


You had one spell level left.
You knew the following spells:

 Your Spells              Type           Power        Failure   Level  Hunger
a - Infusion              Chrm           ##..         6%          1    ##.....
t - Shroud of Golubria    Chrm/Tloc      #.........   19%         2    ###....
x - Spectral Weapon       Hex/Chrm       #.......     32%         3    ####...


Dungeon Overview and Level Annotations

Branches:
Dungeon (3/15)

Altars:
Elyvilon
Uskayaw


Message History

You barely miss the gnoll.
The gnoll is moderately wounded.
The gnoll barely misses you.
Unknown command.
You closely miss the gnoll.
The gnoll is moderately wounded.
The gnoll barely misses you.
Unknown command.
You barely miss the gnoll.
The gnoll is moderately wounded.
The gnoll drinks a potion.
The gnoll is healed!
The gnoll looks more healthy.
The gnoll hits you with a whip!
* * * LOW HITPOINT WARNING * * *
Unknown command.
You closely miss the gnoll. The gnoll hits you with a whip.
* * * LOW HITPOINT WARNING * * *
Your shroud falls apart!
Unknown command.
You hit the gnoll but do no damage. The gnoll hits you with a whip.
You die...

......# #.#.#.#########..#.#
......###.)....<......#..#.#
.........##.#.#.......#..#.#
..............#..........#.#
.........###.###.#.#....##.#
.<#'#'#'## ......#.#######.#
###.#.#.# .#..####.. .##.#
#######################.##.#
..............#.@g>.....##.#
...#...#...#..####....####.#
............._####..(.# #.#
...#...#...#..#.......# #.#
..............###..#..####
###############...........
#.......# #....###.#..####
#.......# #....###.#..#
........###.....##.#..#


You could see a gnoll.

Vanquished Creatures
  Ijyb (D:3)
  2 adders
  An ooze (D:1)
  A giant cockroach (D:2)
  2 goblins
  4 jackals
  A bat (D:2)
  5 kobolds
  A rat (D:1)
18 creatures vanquished.

Notes
Turn   | Place    | Note
-------+----------+-------------------------------------------
     0 | D:1      | letownia2 the Merfolk Skald began the quest for the Orb.
     0 | D:1      | Reached XP level 1. HP: 16/16 MP: 3/3
   114 | D:1      | Reached skill level 4 in Polearms
   114 | D:1      | Reached XP level 2. HP: 14/22 MP: 1/5
   122 | D:2      | Learned a level 2 spell: Shroud of Golubria
   214 | D:2      | Reached skill level 1 in Translocations
   301 | D:2      | Found a hide-covered altar of Uskayaw.
   441 | D:2      | Found a white marble altar of Elyvilon.
   550 | D:3      | Reached XP level 3. HP: 27/27 MP: 1/6
   559 | D:3      | Learned a level 3 spell: Spectral Weapon
   560 | D:3      | Noticed Ijyb
   571 | D:3      | Killed Ijyb
   571 | D:3      | Reached skill level 1 in Hexes
   571 | D:3      | Reached XP level 4. HP: 12/33 MP: 7/7
   614 | D:2      | HP: 1/33 [gnoll/whip (3)]
   615 | D:2      | Slain by a gnoll

Skill      XL: |  1  2  3 |
---------------+----------+-----
Polearms       | 4 |  4.1
Translocations | 1 |  1.1
Hexes          | 1 |  1.4
Fighting       | |  2.1
Armour         | |  0.6
Dodging        | |  2.6
Spellcasting   | |  2.0
Charms         | |  3.9

Action                   |  1- 3 |  4- 6 || total
-------------------------+-------+-------++-------
Melee: Spear             |    30 |       ||    30
       Whip              |    16 |    18 ||    34
 Cast: Infusion          |     5 |       ||     5
       Shroud of Golubri |     4 |     3 ||     7
  Use: Potion            |     4 |       ||     4
Armor: Leather armour    |    14 |     3 ||    17
Dodge: Dodged            |    15 |    21 ||    36
